 Dungeon Crawl Stone Soup version 0.26.1-11-gd32895ea62 (webtiles) character file.

Game seed: 10280448169773867652

1099 H0rd4k the Insei (level 8, -1/50 HPs)
             Began as an Octopode Transmuter on June 16, 2021.
             Slain by an orc wizard
             ... wielding a +2 dagger of protection
              (4 damage)
             ... on level 5 of the Dungeon.
             The game lasted 00:07:49 (7131 turns).

H0rd4k the Insei (Octopode Transmuter)              Turns: 7131, Time: 00:07:50

Health: -1/50      AC:  2    Str:  9      XL:     8   Next: 32%
Magic:  12/14      EV: 22    Int: 17      God:
Gold:   316        SH:  0    Dex: 17 (18) Spells: 11/15 levels left

rFire    + + .     SeeInvis .     - Unarmed
rCold    . . .     Faith    .   (shield currently unavailable)
rNeg     . . .     Spirit   .   (helmet currently unavailable)
rPois    x         Reflect  .   (no amulet)
rElec    .         Harm     .   i - ring of fire
rCorr    .         Rampage  .   j - ring of protection from cold
Will     .....                  p - ring of protection from fire
Stlth    ++........             (no ring)
HPRegen  0.16/turn              (no ring)
MPRegen  0.14/turn              (no ring)
                                (no ring)
                                (no ring)

@: spider-form
A: tiny, almost no armour, stealthy swim, (amphibious), 8 rings, (constrict 8)
a: End Transformation


You were on level 5 of the Dungeon.
You were a venomous arachnid creature.
You visited 1 branch of the dungeon, and saw 5 of its levels.

You collected 316 gold pieces.

Inventory:

Missiles
 t - 4 boomerangs of dispersal
 u - 12 poisoned darts
 x - 4 atropa-tipped darts
Jewellery
 i - a ring of fire (left front leg)
 j - a ring of protection from cold (right front leg)
 p - a ring of protection from fire (on tentacle)
Wands
 m - a wand of paralysis (13)
 w - a wand of enslavement (3)
Scrolls
 a - 3 scrolls of remove curse {unknown}
 b - a scroll of magic mapping {unknown}
 c - 6 scrolls of identify {unknown}
 d - 2 scrolls of amnesia {unknown}
 h - 2 scrolls of immolation {unknown}
 l - 4 scrolls of enchant weapon {unknown}
 s - 3 scrolls of teleportation {unknown}
 v - a scroll of enchant armour {unknown}
Potions
 e - 3 potions of flight {unknown}
 f - 4 potions of ambrosia {unknown}
 g - a potion of lignification {unknown}
 k - a potion of degeneration {unknown}
 n - 3 potions of heal wounds {unknown}
 o - a potion of invisibility {unknown}
 q - a potion of curing {unknown}
 r - a potion of brilliance {unknown}


   Skills:
 + Level 2.0 Fighting
 + Level 4.1 Dodging
 - Level 1.4 Stealth
 + Level 6.5 Unarmed Combat
 * Level 4.1 Spellcasting
 * Level 4.2 Transmutations
 + Level 2.5 Poison Magic


You had 11 spell levels left.
You knew the following spells:

 Your Spells              Type           Power        Failure   Level
a - Beastly Appendage     Tmut           34%          10%         1
b - Spider Form           Tmut/Pois      7%           28%         3

Your spell library contained the following spells:

 Spells                   Type           Power        Failure   Level
 Wereblood                Tmut           17%          13%         2
 Ice Form                 Ice/Tmut       10%          75%         4
 Blade Hands              Tmut           8%           78%         5


Dungeon Overview and Level Annotations

Branches:
Dungeon (5/15)
 Temple: D:4-7

Altars:
Hepliaklqana
Ru
Xom
Zin

Annotations:
D:3 1 runed translucent door, exclusion: door, Thjof's ghost, amateur HuWn
D:5 1 runed translucent door, exclusion: door


Innate Abilities, Weirdness & Mutations

You cannot wear most types of armour.
You are very stealthy in the water. (Stealth+)
((You are amphibious.))
You can wear up to eight rings at the same time.
((You can use your tentacles to constrict eight enemies at once.))
((Your skin changes colour to match your surroundings (Stealth+).))
((Your rubbery body absorbs attacks. (AC +1, EV +1)))


Message History

The orc wizard hits you but does no damage.
You hit the orc wizard.
You kill the orc wizard!
Something hits you.
* * * LOW HITPOINT WARNING * * *
You hear some strange, mumbled words.
A puff of frost appears from out of thin air!
The puff of frost misses you.
You hit something but do no damage. Something hits you.
* * * LOW HITPOINT WARNING * * *
You barely miss something. Something hits you.
* * * LOW HITPOINT WARNING * * *
You barely miss something. Something closely misses you.
You hit something. Something hits you.
* * * LOW HITPOINT WARNING * * *
You hear some strange, mumbled words.
A puff of frost appears from out of thin air!
The puff of frost misses you.
You hit something but do no damage. Something hits you.
You die...

#.#..#...# .#
...#.#..####.####
###...[...!.......
..........#.#.#.#
##?.............#
..........#.#.#.#
$..._......(....#
#....[....#.#)#.#
##.....^....{s..#
######..†..#####
#..#### ) #..# )
#..# )) #..# +#
#..# ♣) ###..###
)♣ ########......#
#.# ♣♣)♣


There were no monsters in sight!

Vanquished Creatures
  Eustachio (D:5)
  An ogre (D:5)
  3 scorpions
  An orc priest (D:3)
  A jelly (D:3)
  2 bullfrog skeletons (D:4)
  2 centaur skeletons (D:4)
  2 iguanas (D:4)
  3 orc wizards
  7 worker ants
  A hound skeleton (D:4)
  A howler monkey zombie (D:5)
  5 adders
  3 gnolls (D:3)
  2 howler monkey skeletons (D:3)
  A white imp (D:5)
  2 adder skeletons
  3 worms
  2 leopard geckos (D:3)
  17 orcs
  A ball python (D:1)
  14 bats
  6 giant cockroaches
  6 goblins
  14 hobgoblins
  11 jackals
  2 quokkas (D:4)
  A ball python skeleton (D:3)
  9 frilled lizards
  A jackal skeleton (D:3)
  2 jackal zombies (D:3)
  9 kobolds
  2 leopard gecko skeletons
  11 rats
149 creatures vanquished.

Vanquished Creatures (others)
  3 withered plants (D:3)
3 creatures vanquished.

Grand Total: 152 creatures vanquished

Notes
Turn   | Place    | Note
-------+----------+-------------------------------------------
     0 | D:1      | H0rd4k the Octopode Transmuter began the quest for the Orb.
     0 | D:1      | Reached XP level 1. HP: 13/13 MP: 3/3
   159 | D:1      | Reached XP level 2. HP: 12/18 MP: 5/5
   611 | D:1      | Reached skill level 1 in Stealth
   673 | D:1      | Reached XP level 3. HP: 22/23 MP: 6/6
   686 | D:1      | Learned a level 3 spell: Spider Form
  2154 | D:2      | Reached skill level 1 in Poison Magic
  2190 | D:2      | Reached XP level 4. HP: 21/28 MP: 7/7
  2638 | D:2      | Reached skill level 4 in Unarmed Combat
  2638 | D:2      | Reached XP level 5. HP: 33/33 MP: 5/9
  3373 | D:3      | Found a runed translucent door.
  3373 | D:3      | Noticed Thjof's ghost (amateur HuWn)
  3610 | D:3      | Reached XP level 6. HP: 32/38 MP: 6/10
  4137 | D:3      | Found a shimmering altar of Xom.
  5194 | D:4      | Found a sacrificial altar of Ru.
  5200 | D:4      | Reached skill level 5 in Unarmed Combat
  5244 | D:4      | Reached XP level 7. HP: 37/43 MP: 11/11
  6565 | D:5      | Entered Level 5 of the Dungeon
  6658 | D:5      | Reached skill level 6 in Unarmed Combat
  6658 | D:5      | Reached XP level 8. HP: 43/50 MP: 10/13
  6772 | D:5      | Found a glowing silver altar of Zin.
  7003 | D:5      | Found a runed translucent door.
  7093 | D:5      | Found a hazy altar of Hepliaklqana.
  7099 | D:5      | Noticed Eustachio
  7114 | D:5      | Killed Eustachio
  7131 | D:5      | Slain by an orc wizard

Illustrated notes

Levels and vault maps discovered:
D:1:      minmay_arrival_cross, layout_loops_cross
D:2:      layout_rooms
D:3:      cheibrodos_pilgrimage, layout_basic, lemuel_doored_altar,
          gammafunk_ghost_grave, serial_undead, serial_undead_a,
          serial_undead_c, serial_undead_d, serial_undead_a,
          hangedman_decor_opposing
D:4:      minmay_bubble_buster, layout_cave_pools, old_standard_altar,
          serial_bayou_lagoon_b
D:5:      layout_loops_ring, overflow_temple_1_default, serial_glass,
          glass_columns_b, glass_columns_b, basic_altar,
          uniq_crazy_yiuf_cottage, uniq_eustachio, uniq_duvessa

Skill      XL: |  1  2  3  4  5  6  7  8 |
---------------+-------------------------+-----
Stealth        | 1 |  1.4
Poison Magic   | 1 2 |  2.5
Unarmed Combat | 4 5 6 |  6.5
Spellcasting   | 3 4 |  4.1
Dodging        | 3 4 |  4.1
Transmutations | 3 4 |  4.2
Fighting       | 2 |  2.0

Action                   |  1- 3 |  4- 6 |  7- 9 || total
-------------------------+-------+-------+-------++-------
Melee: Unarmed           |   114 |   207 |   110 ||   431
       Constrict         |    30 |    34 |    14 ||    78
       Tentacles         |    15 |    19 |    14 ||    48
       Punch             |     2 |     5 |     2 ||     9
 Cast: Spider Form       |       |     9 |    10 ||    19
 Stab: Sleeping          |    12 |     6 |     8 ||    26
       Distracted        |     1 |       |       ||     1
Armor: Skin              |    23 |    13 |     6 ||    42
Dodge: Dodged            |   128 |   160 |    76 ||   364
